 Dungeon Crawl Stone Soup version 0.31.0-1-g2c135a0 (webtiles) character file.

Game seed: 9796103460036213856

203 UltimateGoldenPants the Covered (level 5, -7/33 HPs)
             Began as a Gargoyle Fighter on Apr 3, 2024.
             Was a Follower of Zin.
             Mangled by a gnoll
             ... wielding a +0 flail
             ... led by a gnoll bouda
              (8 damage)
             ... on level 4 of the Dungeon.
             The game lasted 00:08:18 (3310 turns).

UltimateGoldenPants the Covered (Gargoyle Fighter)  Turns: 3310, Time: 00:08:18

Health: -7/33      AC: 16    Str: 21    XL:     5   Next: 81%
Magic:  5/5        EV: 11    Int:  9    God:    Zin [*.....]
Gold:   126        SH:  4    Dex:  9    Spells: 4/4 levels left

rFire   . . .        a - +0 flail
rCold   . . .        c - +0 buckler
rNeg    + . .        u - +2 leather armour {rPois}
rPois   ∞            m - +2 helmet
rElec   +            e - +2 cloak
rCorr   .            (no gloves)
SInv    .            (no boots)
Will    .....        (no amulet)
Stlth   +            (no ring)
HPRegen 0.25/turn    (no ring)
MPRegen 0.09/turn

%: no passive effects
@: mighty
A: sickness immunity, AC +4, negative energy resistance 1, electricity
resistance, torment resistance 1, petrification resistance
a: Renounce Religion, Recite, Donate Gold


You were on level 4 of the Dungeon.
You worshipped Zin.
Zin was aware of your devotion.
You visited 2 branches of the dungeon, and saw 5 of its levels.

You collected 139 gold pieces.
You donated 13 gold pieces to Zin.

Inventory:

Hand Weapons
 a - a +0 flail (weapon)
Armour
 c - a +0 buckler (worn)
 e - a +2 cloak (worn)
 m - a +2 helmet (worn)
 u - a +2 leather armour of poison resistance (worn)
Wands
 q - a wand of paralysis (10)
 s - a wand of roots (8)
Scrolls
 f - a scroll of acquirement
 g - 2 scrolls of revelation {unknown}
 j - a scroll of brand weapon {unknown}
 k - a scroll of enchant armour {unknown}
 l - 5 scrolls of teleportation
 o - a scroll of fog {unknown}
Potions
 d - 2 potions of might
 h - a potion of heal wounds {unknown}
 i - a potion of brilliance {unknown}
 n - a potion of mutation {unknown}
 p - a potion of ambrosia {unknown}
 r - a potion of enlightenment {unknown}
 t - 2 potions of attraction {unknown}


   Skills:
 + Level 3.9 Fighting
 + Level 3.7 Maces & Flails
 + Level 4.5 Armour
 + Level 0.9 Dodging
 + Level 3.8 Shields
 * Level 1.0 Invocations


You had 4 spell levels left.
You didn't know any spells.
Your spell library contained the following spells:

 Spells                   Type           Power      Damage    Failure   Level
 Call Imp                 Summ           0%         N/A       65%         2
 Ensorcelled Hibernation  Hex/Ice        0%         N/A       65%         2
 Dazzling Flash           Conj/Hex       0%         N/A       86%         3
 Passwall                 Erth           0%         N/A       86%         3
 Swiftness                Air            0%         N/A       86%         3
 Volatile Blastmotes      Fire/Tloc      0%         2d10      86%         3
 Starburst                Conj/Fire      0%         6d3       100%        6
 Summon Hydra             Summ           0%         N/A       100%        7
 Maxwell's Capacitive Co  Air            0%         ∞         100%        8
 Sublimation of Blood     Necr           Unusable   N/A       N/A         2

Dungeon Overview and Level Annotations

Branches:
Dungeon (4/15)             Temple (1/1) D:4

Altars:
Ashenzari
Cheibriados
Dithmenos
Gozag
Kikubaaqudgha
Makhleb
Okawaru
Qazlal
Ru
Sif Muna
Uskayaw
Vehumet
Xom
Yredelemnul
Zin


Innate Abilities, Weirdness & Mutations

You are immune to sickness and miasma.
Your stone body is resilient. (AC +4)
You are immune to poison.
You resist negative energy. (rN+)
You are resistant to electric shocks. (rElec)
You are resistant to unholy torment.
You are immune to petrification.


Message History

The gnoll completely misses you.
You closely miss the gnoll. The gnoll barely misses you.
You closely miss the gnoll. The gnoll hits you with a +0 flail.
The gnoll hits you with a +0 whip.
You closely miss the gnoll.
The gnoll shouts!
The gnoll hits you but does no damage. x2
You closely miss the gnoll. The gnoll barely misses you.
The gnoll hits you with a +0 whip. The gnoll hits you but does no damage.
The gnoll attacks as it pursues you! You block the gnoll's attack.
The gnoll closely misses you. The gnoll hits you but does no damage.
The gnoll misses you. You block the gnoll's attack.
The gnoll hits you but does no damage. x3
The gnoll hits you but does no damage.
The gnoll throws a throwing net.
The throwing net hits you.
You become entangled in the net!
The gnoll barely misses you.
You see here a throwing net.
You struggle against the net.
The gnoll hits you but does no damage.
The gnoll hits you from afar with a +0 halberd.
The gnoll barely misses you.
You struggle against the net.
The gnoll hits you but does no damage.
The gnoll hits you from afar with a +0 halberd!
The gnoll hits you with a +0 club. The gnoll hits you but does no damage.
You struggle against the net.
The gnoll hits you but does no damage.
The gnoll hits you from afar with a +0 halberd.
The gnoll hits you but does no damage. The gnoll hits you with a +0 whip.
* * * LOW HITPOINT WARNING * * *
You struggle against the net.
The gnoll hits you but does no damage. x2
The gnoll hits you with a +0 club.
* * * LOW HITPOINT WARNING * * *
You feel very mighty all of a sudden. The gnoll hits you but does no damage.
The gnoll hits you from afar with a +0 halberd.
* * * LOW HITPOINT WARNING * * *
The gnoll hits you but does no damage. The gnoll hits you with a +0 whip.
* * * LOW HITPOINT WARNING * * *
You rip the net and break free!
The gnoll hits you with a +0 flail!
You die...

#.....)...##<#.......#
###.###.......#.....#.######
#8#.#8#.....###.#.#.#.##...#
#.....#####.# #.....#.##.#.#
#.._..#####.# #.#.#.#[##.#.##
#.....#...#.###.#...#....#...
#########.#.....#############
#.#'#####... #######
#...@g..#.# .......
#...gg...>####.......
##....g......'.......
######'#######.......
#......).##########'##
######...##...# #.##
#...##.#.# #... #....gg..#
#### #..<.#...# #.


You could see 4 gnolls.

Vanquished Creatures
  A hound (D:4)
  2 sleepcaps (D:4)
  A gnoll (D:3)
  An adder (D:2)
  3 ribbon worms
  3 orcs (D:4)
  10 ball pythons
  6 endoplasms
  7 giant cockroaches
  7 goblins
  9 hobgoblins
  4 jackals
  9 kobolds
  3 quokkas
  11 bats
  2 frilled lizards
  10 rats
89 creatures vanquished.

Notes
Turn   | Place    | Note
-------+----------+-------------------------------------------
     0 | D:1      | UltimateGoldenPants the Gargoyle Fighter began the quest
                  | for the Orb.
     0 | D:1      | Reached XP level 1. HP: 14/14 MP: 1/1
    96 | D:1      | Reached XP level 2. HP: 19/19 MP: 2/2
   232 | D:1      | Found a faded altar of an unknown god.
   633 | D:1      | Reached XP level 3. HP: 21/23 MP: 3/3
  1124 | D:2      | Reached skill level 4 in Armour
  1397 | D:2      | Reached XP level 4. HP: 18/28 MP: 4/4
  1818 | D:2      | Identified a scroll of acquirement
  2699 | D:4      | Reached XP level 5. HP: 33/33 MP: 5/5
  2711 | D:4      | Found a staircase to the Ecumenical Temple.
  2718 | Temple   | Entered the Ecumenical Temple
  2728 | Temple   | Became a worshipper of Zin the Law-Giver
  3057 | D:4      | Reached * piety under Zin
  3158 | D:4      | Reached skill level 1 in Invocations
  3264 | D:4      | Found a shadowy altar of Dithmenos.
  3309 | D:4      | HP: 1/33 [gnoll/+0 whip[a gnoll bouda] (6)]
  3310 | D:4      | Mangled by a gnoll

Illustrated notes

Levels and vault maps discovered:
D:1:      minmay_arrival_checkered_box, layout_basic,
          ebering_ecumenical_altar_rust
D:2:      layout_basic
D:3:      layout_loops_ring, minivault_4
D:4:      layout_basic, mainiacjoe_overflow_alcove_2, nzn_wu_jian_contemplation,
          minmay_temple_entry_butterflies, uniq_duvessa
Temple:   nicolae_temple_great_sept

Skill      XL: |  1  2  3  4  5 |
---------------+----------------+-----
Armour         | 4 |  4.5
Maces & Flails | 3 |  3.7
Invocations    | 1 |  1.0
Fighting       | |  3.9
Dodging        | |  0.9
Shields        | |  3.8

Action                     |  1- 3 |  4- 6 || total
---------------------------+-------+-------++-------
  Melee: Flail             |   121 |   168 ||   289
    Use: Scroll            |       |     2 ||     2
         Potion            |       |     1 ||     1
 Armour: Scale mail        |    77 |   161 ||   238
         Leather armour    |       |    29 ||    29
  Dodge: Dodged            |    58 |   116 ||   174
  Block: Buckler           |    19 |    53 ||    72
